 Dungeon Crawl Stone Soup version 0.28-a0-1033-g1a2f33fa85 (webtiles) character file.

Game seed: 2780816376793588789

294 ytrimaz the Covered (level 6, -1/49 HPs)
             Began as a Formicid Fighter on Dec 7, 2021.
             Slain by Eustachio (5 damage)
             ... on level 4 of the Dungeon.
             The game lasted 00:03:02 (3482 turns).

ytrimaz the Covered (Formicid Fighter)              Turns: 3482, Time: 00:03:02

Health: -1/49      AC:  7    Str: 23    XL:     6   Next: 60%
Magic:  6/6        EV:  9    Int:  9    God:
Gold:   129        SH:  4    Dex: 10    Spells: 5/5 levels left

rFire   . . .      SeeInvis +   a - +0 war axe
rCold   . . .      Faith    .   c - +0 buckler
rNeg    . . .      Spirit   .   b - +0 scale mail
rPois   .          Reflect  .   (helmet unavailable)
rElec   .          Harm     .   (no cloak)
rCorr   .          Rampage  .   (no gloves)
Will    .....                   (no boots)
Stlth   ..........              (no amulet)
HPRegen 0.16/turn               (no ring)
MPRegen 0.10/turn               (no ring)

@: mighty
A: permanent stasis, dig shafts and tunnels, antennae 3, four strong arms,
talons 1, clever 1, MP-powered wands
a: Dig, Shaft Self


You were on level 4 of the Dungeon.
You visited 1 branch of the dungeon, and saw 4 of its levels.

You collected 129 gold pieces.

Inventory:

Hand Weapons
 a - a +0 war axe (weapon)
Missiles
 e - 10 poisoned darts (quivered)
 g - 2 throwing nets
Armour
 b - a +0 scale mail (worn)
 c - a +0 buckler (worn)
Wands
 h - a wand of iceblast (9)
 k - a wand of flame (11)
Scrolls
 f - a scroll of torment
 l - a scroll of immolation {unknown}
Potions
 i - a potion of attraction
 j - a potion of resistance


   Skills:
 * Level 4.5 Fighting
 + Level 3.7 Axes
 * Level 1.9 Throwing
 * Level 5.2 Armour
 - Level 3.6 Shields


You had 5 spell levels left.
You didn't know any spells.
Your spell library contained the following spells:

 Spells                   Type           Power      Damage    Failure   Level
 Passwall                 Tmut/Erth      0%         N/A       82%         2
 Swiftness                Air            Unusable   N/A       N/A         3

Dungeon Overview and Level Annotations

Branches:
Dungeon (4/15)
 Temple: D:4-7

Altars:
Hepliaklqana

Annotations:
D:3 2 runed translucent doors, Umoon's ghost, amateur DsGl
D:4 Eustachio


Innate Abilities, Weirdness & Mutations

You cannot be hasted, slowed, berserked, paralysed or teleported.
You can dig through walls and to a lower floor.
You have a pair of large antennae on your head. (SInv)
Your four strong arms can wield two-handed weapons with a shield.
You have sharp toenails.
Your mind is acute. (Int +2)
You expend magic power (3 MP) to strengthen your wands.


Message History

You kill the white imp!
The white imp disappears in a puff of smoke!
You slash the rat!
You kill the rat!
The rat's corpse disappears in a puff of smoke!
Eustachio casts a spell.
You miss Eustachio.
Eustachio is lightly wounded.
Eustachio hits you with a +0 rapier. Eustachio hits you with a +0 rapier!
* * * LOW HITPOINT WARNING * * *
You block the ufetubus's attack.
The ufetubus hits you but does no damage.
Your scale mail prevents you from hitting Eustachio.
Eustachio is lightly wounded.
You miss the ufetubus.
The ufetubus hits you but does no damage.
You block the ufetubus's attack. Eustachio hits you with a +0 rapier.
* * * LOW HITPOINT WARNING * * *
Unknown command.
You closely miss Eustachio. You claw Eustachio, but do no damage.
Eustachio is lightly wounded.
You slash the ufetubus!
You kill the ufetubus!
The ufetubus disappears in a puff of smoke!
Eustachio hits you with a +0 rapier.
* * * LOW HITPOINT WARNING * * *
Unknown command.
Okay, then.
You feel very mighty all of a sudden. Eustachio hits you with a +0 rapier.
* * * LOW HITPOINT WARNING * * *
Unknown command.
You barely miss Eustachio.
Eustachio is lightly wounded.
Eustachio hits you but does no damage.
Your scale mail prevents you from hitting Eustachio.
Your kick misses Eustachio.
Eustachio is lightly wounded.
Eustachio hits you with a +0 rapier.
You die...

#..# #..## ##...# .... .#
#... ....##..# ...$..55#
#@# #@# #.# #.# #.# #.# ###
#.# ##.########
############.####.#.......#
#................###.####.#
#.###.###.#.†.###.#.## #.#


You could see Eustachio, a crimson imp (summoned) and a white imp (summoned).

Vanquished Creatures
  A wyvern skeleton (D:4)
  An iguana (D:4)
  2 orc wizards (D:3)
  3 gnolls (D:3)
  4 adders
  2 worms (D:2)
  2 dart slugs (D:2)
  5 orcs
  8 endoplasms
  3 giant cockroaches
  3 goblins
  6 hobgoblins
  12 jackals (D:2)
  2 quokkas
  9 ball pythons
  7 bats
  4 frilled lizards
  5 kobolds
  6 rats
85 creatures vanquished.

Notes
Turn   | Place    | Note
-------+----------+-------------------------------------------
     0 | D:1      | ytrimaz the Formicid Fighter began the quest for the Orb.
     0 | D:1      | Reached XP level 1. HP: 18/18 MP: 1/1
   164 | D:1      | Reached XP level 2. HP: 21/24 MP: 2/2
   675 | D:1      | Reached XP level 3. HP: 24/30 MP: 3/3
  1105 | D:2      | Reached skill level 4 in Armour
  1296 | D:2      | Gained mutation: You expend magic power (3 MP) to
                  | strengthen your wands. [potion of mutation]
  1296 | D:2      | Gained mutation: Your mind is acute. (Int +2) [potion of
                  | mutation]
  1296 | D:2      | Gained mutation: You have sharp toenails. [potion of
                  | mutation]
  1311 | D:2      | Reached XP level 4. HP: 23/37 MP: 4/4
  1441 | D:2      | Reached skill level 1 in Throwing
  1515 | D:2      | Found a faded altar of an unknown god.
  2006 | D:3      | Reached XP level 5. HP: 38/42 MP: 5/5
  2588 | D:3      | Found a large runed translucent door.
  2623 | D:3      | Found a faded altar of an unknown god.
  2623 | D:3      | Found a faded altar of an unknown god.
  2623 | D:3      | Found a hazy altar of Hepliaklqana.
  2827 | D:3      | Reached XP level 6. HP: 45/49 MP: 6/6
  2926 | D:3      | Found a large runed translucent door.
  2928 | D:3      | Noticed Umoon's ghost (amateur DsGl)
  3080 | D:4      | Reached skill level 5 in Armour
  3464 | D:4      | Noticed Eustachio
  3482 | D:4      | Slain by Eustachio

Illustrated notes

Levels and vault maps discovered:
D:1:      minmay_arrival_nine_rooms, layout_loops_ring
D:2:      layout_basic, hellmonk_ecumenical_altar_leap_of_faith
D:3:      layout_loops_corners, nicolae_hepliaklqana_ecumenical_no_more,
          ebering_ghost_disaster_area, minmay_close_crescents
D:4:      layout_loops_corners, mainiacjoe_overflow_catwalk_spiral,
          uniq_eustachio

Skill      XL: |  1  2  3  4  5  6 |
---------------+-------------------+-----
Armour         | 4 5 |  5.2
Throwing       | 1 |  1.9
Fighting       | 4 |  4.5
Axes           | 3 |  3.7
Shields        | |  3.6

Action                   |  1- 3 |  4- 6 || total
-------------------------+-------+-------++-------
Melee: War axe           |   105 |   120 ||   225
       Kick              |     1 |    33 ||    34
  Use: Scroll            |     2 |     7 ||     9
       Potion            |     1 |     2 ||     3
Armor: Scale mail        |    75 |    44 ||   119
Dodge: Dodged            |    70 |    71 ||   141
Block: Buckler           |    35 |    35 ||    70

Table legend: (Time is in decaauts)
 A = Elapsed time spent in this place.
 B = Non-inter-level travel time spent in this place.
 C = Inter-level travel time spent in this place.
 D = Time resting spent in this place.
 E = Time spent auto-exploring this place.
 F = Levels seen in this place.
 G = Mean time per level.
                   A        B        C        D        E       F      G
               +--------+--------+--------+--------+--------+-----+--------+
         Total |   3562 |   3506 |     56 |      0 |   2894 |   4 |  890.5 |
       Dungeon |   3562 |   3506 |     56 |      0 |   2894 |   4 |  890.5 |
               +--------+--------+--------+--------+--------+-----+--------+

Top non-repeatable levels by time:
     D:3: 1207 daAuts
     D:1: 1105 daAuts
     D:2: 828 daAuts
     D:4: 420 daAuts
